 Dungeon Crawl Stone Soup version 0.30.1-9-gdf580d7c3d (webtiles) character file.

Game seed: 12186248529542625967

338 Zonian the Magician (level 6, 0/32 HPs)
             Began as a Deep Elf Air Elementalist on Oct 8, 2023.
             Slain by Grinder (1 damage)
             ... while paralysed by Grinder
             ... on level 4 of the Dungeon.
             The game lasted 00:07:32 (4679 turns).

Zonian the Magician (Deep Elf Air Elementalist)     Turns: 4679, Time: 00:07:32

Health: 0/32       AC:  3    Str:  5    XL:     6   Next: 29%
Magic:  19/24      EV:  2    Int: 22    God:
Gold:   147        SH:  0    Dex: 17    Spells: 5/14 levels left

rFire   . . .        w - +8 rapier of Outrage {distort, Drain Dex+2 Stlth+}
rCold   . . .        (no shield)
rNeg    . . .        a - +0 robe
rPois   +            (no helmet)
rElec   .            (no cloak)
rCorr   .            (no gloves)
SInv    .            t - +0 pair of boots
Will    .....        (no amulet)
Stlth   ++++         m - ring of poison resistance
HPRegen 0.25/turn    n - ring of magical power
MPRegen 0.19/turn

%: no passive effects
@: paralysed
A: no striking features
a: no special abilities


You were on level 4 of the Dungeon.
You visited 1 branch of the dungeon, and saw 4 of its levels.

You collected 147 gold pieces.

Inventory:

Hand Weapons
 i - a +0 dagger of venom
 q - a +0 sling
 v - the +2 spear "Ynuceet" {spect, rF+ Str+3 Dex+2}
   (You found it on level 2 of the Dungeon)

   Str:       It affects your strength (+3).
   Dex:       It affects your dexterity (+2).
   rF:        It protects you from fire.
 w - the +8 rapier of Outrage (weapon) {distort, Drain Dex+2 Stlth+}
   (You found it on level 2 of the Dungeon)

   Dex:       It affects your dexterity (+2).
   Drain:     It drains your maximum health when unequipped.
   Stlth:     It makes you more stealthy.
Missiles
 f - 6 curare-tipped darts
 p - 2 poisoned darts
 r - 5 atropa-tipped darts
Armour
 a - a +0 robe (worn)
 t - a +0 pair of boots (worn)
Jewellery
 d - a ring of fire
 m - a ring of poison resistance (left hand)
 n - a ring of magical power (right hand)
Wands
 x - a wand of mindburst (14)
Scrolls
 h - a scroll of torment
 j - a scroll of teleportation
 y - a scroll of enchant armour {unknown}
 z - a scroll of blinking
 A - a scroll of immolation {unknown}
Potions
 b - 2 potions of magic
 c - a potion of brilliance
 e - 4 potions of heal wounds
 g - 3 potions of curing
 k - a potion of lignification {unknown}
 l - a potion of flight
 o - a potion of mutation {unknown}


   Skills:
 + Level 1.4 Short Blades
 + Level 4.0 Dodging
 + Level 4.2 Stealth
 - Level 4.7 Spellcasting
 + Level 3.0 Conjurations
 + Level 4.1 Air Magic
 + Level 0.0 Earth Magic


You had 5 spell levels left.
You knew the following spells:

 Your Spells              Type           Power      Damage    Failure   Level
a - Shock                 Conj/Air       80%        1d8       2%          1
b - Static Discharge      Conj/Air       40%        2-4/arc   3%          2
c - Swiftness             Air            23%        N/A       6%          3
d - Stone Arrow           Conj/Erth      22%        3d8       17%         3

Your spell library contained the following spells:

 Spells                   Type           Power      Damage    Failure   Level
 Magic Dart               Conj           72%        1d6       3%          1
 Poisonous Vapours        Pois/Air       28%        N/A       7%          2
 Sandblast                Erth           10%        2d5       11%         1
 Slow                     Hex            20%        N/A       11%         1
 Sting                    Tmut/Pois      20%        1d4       11%         1
 Passwall                 Tmut/Erth      4%         N/A       16%         2
 Airstrike                Air            11%        2d(2-18)  19%         4
 Confusing Touch          Hex            5%         N/A       30%         3
 Vampiric Draining        Necr           5%         2d6       30%         3
 Olgreb's Toxic Radiance  Pois           5%         N/A       71%         4


Dungeon Overview and Level Annotations

Branches:
Dungeon (4/15)
 Temple: D:4-7

Altars:

Shops:
D:1 [

Annotations:
D:2 1 runed translucent door, Crazy Yiuf
D:4 Grinder


Message History

Okay, then.
Unknown command.
Unknown command.
Magic restored.
Found a stone staircase leading down.
Grinder comes into view.
Unknown command.
You start waiting.
Grinder is nearby!
Unknown command.
The zap hits Grinder.
Grinder is lightly wounded.
The zap hits Grinder.
Grinder is moderately wounded.
Grinder gestures at you.
You struggle to resist.
The zap hits Grinder but does no damage.
Grinder is moderately wounded.
Grinder blinks!
Unknown command.
The zap hits Grinder.
Grinder is moderately wounded.
The zap hits Grinder.
Grinder is moderately wounded.
The zap hits Grinder.
Grinder is heavily wounded.
Grinder closely misses you.
Unknown command.
The zap hits Grinder.
Grinder is severely wounded.
Grinder gestures at you.
You suddenly lose the ability to move!
Grinder hits you! Grinder hits you.
You writhe in agony.
Grinder hits you.
You writhe in agony.
* * * LOW HITPOINT WARNING * * *
Grinder hits you!
* * * LOW HITPOINT WARNING * * *
You writhe in agony.
You die...

#.#.§#.#.#.#.#..#
#....#.#.#.#)#.##
#..#)#.#.#.#.#.# ###
###.##.#...#...#.#
...>.###...##.#########.#
#......##.. .....)†.#
#...###..#..# ####).###
..5.# #..#.). )..# ...
#@.#... .).## . #5.#...
.. ...# @ ..... .##....
.. ...... .. ##....# ##
.##.#


You could see Grinder.

Vanquished Creatures
  Edmund (D:4)
  An orc priest (D:3)
  3 gnolls (D:2)
  7 adders
  2 worms (D:3)
  4 dart slugs
  8 orcs
  9 ball pythons
  5 bats
  8 endoplasms
  12 goblins
  8 hobgoblins
  6 kobolds
  5 quokkas
  4 frilled lizards
  6 rats
89 creatures vanquished.

Notes
Turn   | Place    | Note
-------+----------+-------------------------------------------
     0 | D:1      | Zonian the Deep Elf Air Elementalist began the quest for
                  | the Orb.
     0 | D:1      | Reached XP level 1. HP: 10/10 MP: 6/6
    13 | D:1      | Found Votikk's Armour Boutique.
   131 | D:1      | Reached XP level 2. HP: 15/15 MP: 5/8
   804 | D:1      | Reached XP level 3. HP: 19/19 MP: 7/9
  1150 | D:2      | Identified the +8 rapier of Outrage {distort, Drain Dex+2
                  | Stlth+}
  1249 | D:2      | Found a runed translucent door.
  1250 | D:2      | Noticed Crazy Yiuf
  1400 | D:2      | Reached XP level 4. HP: 21/24 MP: 3/11
  1470 | D:2      | Learned a level 2 spell: Static Discharge
  1474 | D:2      | Learned a level 3 spell: Swiftness
  2313 | D:2      | Identified the +2 spear "Ynuceet" {spect, rF+ Str+3 Dex+2}
  2659 | D:3      | Reached XP level 5. HP: 4/28 MP: 6/13
  3035 | D:3      | HP: 1/28 [/static electricity (1)]
  3916 | D:3      | Found a faded altar of an unknown god.
  3920 | D:3      | Got Plato's Teachings on Wounds
  4387 | D:4      | Noticed Edmund
  4552 | D:4      | Killed Edmund
  4553 | D:4      | Reached skill level 1 in Short Blades
  4553 | D:4      | Reached XP level 6. HP: 32/32 MP: 15/15
  4648 | D:4      | Learned a level 3 spell: Stone Arrow
  4661 | D:4      | Noticed Grinder
  4675 | D:4      | Paralysed by Grinder for 5 turns
  4679 | D:4      | HP: 1/32 [Grinder (7)]
  4679 | D:4      | Slain by Grinder

Illustrated notes

Levels and vault maps discovered:
D:1:      lightli_arrival_chessboard, layout_rooms, serial_shops, shop
D:2:      layout_basic, grunt_decor_resistance, uniq_crazy_yiuf_cottage
D:3:      layout_rooms, shapermc_ecumenical_altar_rom_forum
D:4:      old_forge, layout_rooms, minivault_27, st_stairs_9, uniq_edmund,
          uniq_duvessa, uniq_grinder

Skill      XL: |  1  2  3  4  5 |
---------------+----------------+-----
Stealth        | 3 4 |  4.2
Dodging        | 3 4 |  4.0
Conjurations   | 2 3 |  3.0
Spellcasting   | 4 |  4.7
Short Blades   | 1 |  1.4
Air Magic      | 4 |  4.1

Action                     |  1- 3 |  4- 6 || total
---------------------------+-------+-------++-------
  Melee: Unarmed           |     1 |       ||     1
         Dagger            |     4 |       ||     4
         Rapier            |       |    15 ||    15
   Cast: Shock             |    69 |   111 ||   180
         Static Discharge  |       |     5 ||     5
    Use: Scroll            |       |     9 ||     9
   Stab: Sleeping          |       |     3 ||     3
 Armour: Robe              |     2 |     3 ||     5
  Dodge: Dodged            |     5 |    16 ||    21
